General information
			
			
        
        - name: grudge
 
        - type: Custom game
 
        - host: evil_pengoon
 
        - saver: evil_pengoon
 
        
map: TheTwoRivers 
        - players: 2
 
        - length: 11:50
 
        - speed: Fast
 - version: 1.22 W3XP
 - replay type:  Public
 
» download(40 KB)
Players
        team 1 (winner) 
              
              
» 
evil_pengoon (
pink | 98 APM | 1165 actions | 11:50)
              
 3 Demon Hunter 
 2 Mana Burn
 1 Evasion
 
                » actions 
                
                | Assign group hotkey | 16 |  | 
| Basic commands | 21 |  | 
| Build / train | 36 |  | 
| Enter build submenu | 9 |  | 
| Enter hero's abilities submenu | 3 |  | 
| Right click | 630 |  | 
| Select / deselect | 175 |  | 
| Select group hotkey | 246 |  | 
| Use ability | 29 |  | 
                1165 total
 » units 
                
                | Wisp | 10 |  | 
| Archer | 4 |  | 
| Huntress | 7 |  | 
| Glaive Thrower | 2 |  | 
                23 total
 » upgrades
                
                | Strength of the Moon | 2 |  | 
| Vorpal Blades | 1 |  | 
                3 total
 » buildings
                
                | Altar of Elders | 1 |  | 
| Moon Well | 4 |  | 
| Ancient of War | 2 |  | 
| Hunter's Hall | 1 |  | 
| Tree of Ages | 2 |  | 
| Tree of Eternity | 1 |  | 
                11 total
 » build order
                00:07 Altar of Elders
00:12 Moon Well
00:47 Ancient of War
01:40 Moon Well
02:11 Ancient of War
02:37 Hunter's Hall
03:35 Moon Well
05:29 Moon Well
06:25 Tree of Ages
06:26 Tree of Ages
10:22 Tree of Eternity
» items
                
                | Scroll of Town Portal | 1 |  | 
| Circlet of Nobility | 1 |  | 
| Potion of Lesser Invulnerability | 1 |  | 
                3 total
  
               team 2 (loser) 
              
              
» 
atouchofherlips (
yellow | 104 APM | 1227 actions | 11:47)
              
 2 Blademaster 
 1 Wind Walk
 1 Critical Strike
 1 Shadow Hunter 
 1 Hex
 
                » actions 
                
                | Assign group hotkey | 76 |  | 
| Basic commands | 6 |  | 
| Build / train | 34 |  | 
| ESC pressed | 2 |  | 
| Enter build submenu | 17 |  | 
| Enter hero's abilities submenu | 3 |  | 
| Right click | 440 |  | 
| Select / deselect | 185 |  | 
| Select group hotkey | 390 |  | 
| Use ability | 74 |  | 
                1227 total
 » units 
                » upgrades
                » buildings
                
                | Altar of Storms | 1 |  | 
| Orc Burrow | 5 |  | 
| Barracks | 1 |  | 
| Voodoo Lounge | 2 |  | 
| Stronghold | 1 |  | 
| War Mill | 1 |  | 
| Beastiary | 2 |  | 
| Watch Tower | 2 |  | 
                15 total
 » build order
                00:05 Altar of Storms
00:21 Orc Burrow
00:51 Barracks
01:36 Voodoo Lounge
01:58 Orc Burrow
03:08 Stronghold
04:00 War Mill
04:05 Orc Burrow
05:31 Beastiary
06:26 Beastiary
09:02 Orc Burrow
09:08 Voodoo Lounge
09:21 Orc Burrow
09:33 Watch Tower
09:39 Watch Tower
» items
                
                | Healing Salve | 4 |  | 
| Lesser Clarity Potion | 7 |  | 
| Scroll of Speed | 1 |  | 
| Scroll of Town Portal | 1 |  | 
                13 total
  
                Chat log
          (00:25 / All) atouchofherlips: SO
(00:27 / All) atouchofherlips: ?
(00:29 / All) evil_pengoon: manner game
(00:34 / All) atouchofherlips: YA
(00:44 / All) atouchofherlips: WHY YOU SO MAD?
(00:57 / All) evil_pengoon: cause im a gay teen
(01:06 / All) atouchofherlips: I WASNT TRYING TO TROLL YOU LOL
(01:18 / All) atouchofherlips: BUT
(01:20 / All) evil_pengoon: sry i get mad @ video games vry ez
(01:24 / All) evil_pengoon: its my one vex
(01:24 / All) atouchofherlips: WAS GONNA DODGE
(01:27 / All) atouchofherlips: BUT I WAS BORED
(02:17 / All) atouchofherlips: RACE?
(02:19 / All) atouchofherlips: IM ORC
(02:23 / All) evil_pengoon: ne
(03:39 / All) atouchofherlips: WHERES ICEBERG?
(03:51 / All) atouchofherlips: I WANT TO WIZARD MAGIC
(03:55 / All) atouchofherlips: AND GET ON VENT TOO
(03:57 / All) atouchofherlips: GOBINER ONE
(11:45 / All) atouchofherlips: LUL
(11:46 / All) atouchofherlips: GG